cohdb
Replays
Latest Replays
All Replays
Popular Replays
Top Player Replays
Match Explorer
How It Works
Community
CoH3 Stats
Reddit
Sign in to upload your games and track your stats! →
Sign in with Steam
Match 48258151
Unlisted
Match 48258151
Overview
Messages
Build Orders
End
Scout Squad
Construct Weapon Support Center
Selects Heavy Weapons
M1919 Machine Gun Team
M1919 Machine Gun Team
M1919 Machine Gun Team
Mechanized Support Center
Engineer Squad
Construct Medical Station
Selects M2HB .50cal Heavy Machine Gun
M3 Armored Personnel Carrier
Bazooka Squad
Friend Simulator
Corrupted Sun
JohnstyPonst
Mace
0
0
Comments
sign in to comment!
No comments posted yet!